 Dungeon Crawl Stone Soup version 0.30-b1-2-g02819fbbbe (webtiles) character file.

Game seed: 13784276294019756727

508 Anothat the Shooter (level 7, -1/55 HPs)
             Began as a Barachi Hunter on May 7, 2023.
             Was a Believer of Makhleb.
             Slain by an iguana (13 damage)
             ... on level 5 of the Dungeon.
             The game lasted 00:08:14 (3966 turns).

Anothat the Shooter (Barachi Hunter)                Turns: 3966, Time: 00:08:15

Health: -1/55      AC:  3    Str: 12    XL:     7   Next: 18%
Magic:  7/7        EV: 14    Int:  9    God:    Makhleb [**....]
Gold:   250        SH:  4    Dex: 18    Spells: 6/6 levels left

rFire   . . .        a - +0 shortbow
rCold   . . .        (shield currently unavailable)
rNeg    . . .        c - +0 leather armour
rPois   .            (no helmet)
rElec   .            (no cloak)
rCorr   .            (no gloves)
SInv    +            (no boots)
Will    .....        (no amulet)
Stlth   ++           l - ring of see invisible
HPRegen 0.29/turn    n - ring of flight
MPRegen 0.10/turn

%: no passive effects
@: unable to hop, flying, slow
A: amphibious, slowness 1, strong legs 1, +LOS, hooves 1, large bone plates 1
a: Hop, Renounce Religion, Minor Destruction


You were on level 5 of the Dungeon.
You worshipped Makhleb.
Makhleb was pleased with you.
You visited 1 branch of the dungeon, and saw 5 of its levels.

You collected 250 gold pieces.

Inventory:

Hand Weapons
 a - a +0 shortbow (weapon)
Missiles
 g - a throwing net
Armour
 c - a +0 leather armour (worn)
 p - a +0 chain mail
Jewellery
 l - a ring of see invisible (left hand)
 n - a ring of flight (right hand)
 u - a ring of protection from fire
Wands
 q - a wand of iceblast (8)
Scrolls
 b - a scroll of immolation
 f - 5 scrolls of identify
 j - a scroll of blinking
 k - 3 scrolls of teleportation
 m - a scroll of magic mapping
Potions
 d - a potion of mutation
 h - a potion of might
 i - a potion of curing
 s - a potion of magic
 w - a potion of heal wounds


   Skills:
 + Level 4.9 Fighting
 * Level 6.6 Ranged Weapons
 + Level 4.5 Dodging
 - Level 0.9 Stealth


You had 6 spell levels left.
You didn't know any spells.
Your spell library contained the following spells:

 Spells                   Type           Power      Damage    Failure   Level
 Slow                     Hex            0%         N/A       45%         1
 Sublimation of Blood     Necr           0%         N/A       61%         2
 Wereblood                Tmut           0%         N/A       61%         2
 Confusing Touch          Hex            0%         N/A       83%         3
 Gell's Gravitas          Tloc           0%         N/A       83%         3
 Ignite Poison            Fire/Tmut/Pois 0%         N/A       83%         3
 Inner Flame              Hex/Fire       0%         N/A       83%         3
 Teleport Other           Tloc           0%         N/A       83%         3
 Vampiric Draining        Necr           0%         2d6       83%         3
 Flame Wave               Conj/Fire      0%         2d4       99%         4
 Sticky Flame             Conj/Fire      0%         2d3       99%         4
 Dispersal                Tloc           0%         N/A       100%        6
 Summon Hydra             Summ           0%         N/A       100%        7
 Ignition                 Fire           0%         3d3       100%        8


Dungeon Overview and Level Annotations

Branches:
Dungeon (5/15)
 Temple: D:4-7

Altars:
Ashenzari
Makhleb
Sif Muna
Xom


Innate Abilities, Weirdness & Mutations

You are amphibious.
You cover ground slowly.
You can hop short distances.
You have an extended range of vision and can be seen from far away.
You have large cloven feet.
You are partially covered in large bone plates. (SH +4)


Message History

You shoot an arrow. The arrow closely misses the orc.
You shoot an arrow. The arrow hits the orc.
The orc is lightly wounded.
You shoot an arrow. The arrow hits the orc.
The orc is heavily wounded.
The orc barely misses you.
You shoot an arrow.
The arrow hits the orc but does no damage.
The orc is heavily wounded.
The iguana bites you! The orc closely misses you.
You are too injured to fight recklessly!
Okay, then.
Okay, then.
The iguana attacks as you move away! The iguana closely misses you.
The orc attacks as you move away! The orc hits you but does no damage.
The orc attacks as you move away! The orc hits you but does no damage.
The iguana barely misses you.
Fire: a) +0 shortbow
Press: ? - help, Q - select action, (/) - cycle Shift-Dir - straight line, f/p - orc
Aim: an orc, wielding a +0 hand axe and wearing a +0 ring mail (heavily wounded, 69% to hit)
You shoot an arrow. The arrow hits the iguana.
The iguana is lightly wounded.
The iguana closely misses you.
Fire: a) +0 shortbow
Press: ? - help, Q - select action, (/) - cycle Shift-Dir - straight line, f/p - orc
Aim: an orc, wielding a +0 hand axe and wearing a +0 ring mail (heavily wounded, 69% to hit)
You shoot an arrow. The arrow closely misses the iguana.
The arrow hits the orc.
You kill the orc!
Makhleb accepts your kill. The iguana bites you.
Fire: a) +0 shortbow
Press: ? - help, Q - select action, (/) - cycle Shift-Dir - straight line, f - iguana
Aim: an iguana (lightly wounded, 69% to hit)
You shoot an arrow. The arrow hits the iguana.
The iguana is heavily wounded.
The iguana bites you!
* * * LOW HITPOINT WARNING * * *
The iguana bites you!
You die...

..# #..# ..# ...# #..
...# ..###..# #.....
#..#...# ......
#......###..... #.#
#......##..... .
#....#####........... ..
#......@l).......... ...
#..########..............
#.....)..#.....
#.......<...!.#
........)....##
..............#
..............##
........!........
.###..............


You could see an iguana.

Vanquished Creatures
  2 ogres (D:4)
  A jelly (D:4)
  3 orc priests
  Jessica (D:3)
  7 adders
  A dart slug (D:2)
  14 orcs
  6 endoplasms
  5 giant cockroaches
  9 hobgoblins
  12 jackals
  7 quokkas
  14 ball pythons
  9 bats
  5 frilled lizards
  5 goblins
  8 kobolds
  9 rats
118 creatures vanquished.

Notes
Turn   | Place    | Note
-------+----------+-------------------------------------------
     0 | D:1      | Anothat the Barachi Hunter began the quest for the Orb.
     0 | D:1      | Reached XP level 1. HP: 17/17 MP: 1/1
   257 | D:1      | Reached XP level 2. HP: 23/23 MP: 2/2
   784 | D:2      | Reached XP level 3. HP: 29/29 MP: 3/3
  1227 | D:2      | Reached XP level 4. HP: 35/35 MP: 4/4
  1494 | D:2      | Reached skill level 5 in Ranged Weapons
  1606 | D:3      | Noticed Jessica
  1610 | D:3      | Killed Jessica
  1611 | D:3      | Reached XP level 5. HP: 42/42 MP: 5/5
  1626 | D:3      | Found a faded altar of an unknown god.
  1817 | D:3      | Prayed at the altar of an unknown god.
  1817 | D:3      | Became a worshipper of Makhleb the Destroyer
  1817 | D:3      | Reached * piety under Makhleb
  1999 | D:3      | Found a broken altar of Ashenzari.
  2043 | D:3      | Gained mutation: You have large cloven feet. [potion of
                  | mutation]
  2043 | D:3      | Gained mutation: You are partially covered in large bone
                  | plates. (SH +4) [potion of mutation]
  2436 | D:3      | Reached XP level 6. HP: 47/48 MP: 6/6
  2791 | D:4      | Found a shimmering altar of Xom.
  2843 | D:4      | Reached ** piety under Makhleb
  2844 | D:4      | Reached skill level 6 in Ranged Weapons
  3228 | D:4      | Found a shimmering blue altar of Sif Muna.
  3275 | D:4      | Reached XP level 7. HP: 55/55 MP: 7/7
  3797 | D:5      | Entered Level 5 of the Dungeon
  3966 | D:5      | Slain by an iguana

Illustrated notes

Levels and vault maps discovered:
D:1:      minmay_arrival_shoal_huts, layout_basic
D:2:      minmay_razor_zed, layout_basic, nicolae_underground_beach
D:3:      cheibrodos_pilgrimage, layout_basic,
          mainiacjoe_overflow_six_doors_small, nicolae_ecumenical_oubliette,
          kennysheep_generic_room_2, uniq_jessica
D:4:      layout_rooms, mainiacjoe_overflow_tiny_flanked,
          mainiacjoe_overflow_chevrons
D:5:      layout_layer_cave, general_overflow_altar,
          chequers_temple_overflow_statue_of_worship, serial_shops,
          nicolae_shop_advertising_works [nicolae_subvault_shop_adworks]

Skill      XL: |  1  2  3  4  5  6 |
---------------+-------------------+-----
Fighting       | 3 4 |  4.9
Dodging        | 3 4 |  4.5
Ranged Weapons | 5 6 |  6.6
Stealth        | |  0.9

Action                     |  1- 3 |  4- 6 |  7- 9 || total
---------------------------+-------+-------+-------++-------
   Fire: Shortbow          |   110 |   207 |    36 ||   353
Ability: Hop               |       |     3 |     2 ||     5
    Use: Potion            |       |     6 |       ||     6
         Scroll            |       |     1 |    10 ||    11
 Armour: Leather armour    |    21 |    11 |     3 ||    35
         Skin              |       |    14 |       ||    14
  Dodge: Dodged            |    39 |    41 |    16 ||    96
  Block: Other             |       |     8 |     7 ||    15
